 Dungeon Crawl Stone Soup version 0.28.0 (webtiles) character file.

Game seed: 936135053057762141

6913 browni3141 the Fighter (level 10, 0/94 HPs)
             Began as a Minotaur Berserker on Feb 10, 2022.
             Was a Believer of Trog.
             Slain by a nine-headed hydra (7 damage)
             ... on level 9 of the Dungeon.
             The game lasted 00:05:10 (6143 turns).

browni3141 the Fighter (Minotaur Berserker)         Turns: 6143, Time: 00:05:11

Health: 0/94       AC: 17    Str: 27    XL:     10   Next: 79%
Magic:  9/9        EV: 10    Int:  4    God:    Trog [**....]
Gold:   236        SH:  0    Dex:  9    Spells: 9/9 levels left

rFire   + . .      SeeInvis .   r - +0 war axe
rCold   . . .      Faith    .   (no shield)
rNeg    . . .      Spirit   .   s - +0 plate armour
rPois   .          Reflect  .   (helmet restricted)
rElec   .          Harm     .   (no cloak)
rCorr   .          Rampage  .   d - +0 pair of gloves
Will    .....                   i - +0 pair of boots
Stlth   ..........              (no amulet)
HPRegen 0.25/turn               g - ring of protection from fire
MPRegen 0.11/turn               (no ring)

@: on berserk cooldown, slowed, very slow
A: horns 2, retaliatory headbutt
a: Renounce Religion, Berserk, Trog's Hand


You were on level 9 of the Dungeon.
You worshipped Trog.
Trog was pleased with you.
You visited 1 branch of the dungeon, and saw 10 of its levels.

You collected 236 gold pieces.

Inventory:

Hand Weapons
 r - a +0 war axe (weapon)
Missiles
 n - a curare-tipped dart (quivered)
Armour
 d - a +0 pair of gloves (worn)
 i - a +0 pair of boots (worn)
 s - a +0 plate armour (worn)
Jewellery
 g - a ring of protection from fire (left hand)
 u - an amulet of guardian spirit
 w - the amulet "Gyanwuf" {RegenMP Will+}
   (You took it off an orc on level 10 of the Dungeon)

   [amulet of magic regeneration]

   It increases your rate of magic regeneration.
   Will:      It increases your willpower.
Wands
 f - a wand of flame (6)
 o - a wand of polymorph (1)
 q - a wand of charming (9)
 y - a wand of iceblast (4)
Scrolls
 h - a scroll of identify {unknown}
 k - 3 scrolls of teleportation {unknown}
 p - a scroll of summoning {unknown}
 t - a scroll of blinking {unknown}
 v - a scroll of immolation {unknown}
Potions
 a - a potion of cancellation {unknown}
 b - 2 potions of mutation {unknown}
 c - a potion of heal wounds {unknown}
 e - 2 potions of might
 j - a potion of lignification {unknown}
 l - 4 potions of flight {unknown}
 m - 4 potions of curing {unknown}
 x - a potion of haste


   Skills:
 + Level 10.6 Fighting
 + Level 10.6 Axes
 + Level 10.3 Armour
 + Level 9.4 Dodging


You had 9 spell levels left.
You didn't know any spells.
Your spell library was empty.

Dungeon Overview and Level Annotations

Branches:
Dungeon (10/15)            Temple (0/1) D:4             Orc (0/2) D:10
   Lair: D:8-11

Altars:
Ashenzari
Hepliaklqana
Sif Muna
Trog
Uskayaw
Vehumet
Xom

Annotations:
D:6 3 runed translucent doors, porpoise's ghost, novice DjFE


Innate Abilities, Weirdness & Mutations

You have a pair of horns on your head.
You reflexively headbutt those who attack you in melee.


Message History

You hack one of the seven-headed hydra's heads off!
The six-headed hydra grows two more!
You slash the eight-headed hydra!
You are no longer berserk.
You are exhausted.
You feel yourself slow down.
The eight-headed hydra barely misses you.
The eight-headed hydra bites you but does no damage.
The eight-headed hydra misses you.
The eight-headed hydra bites you but does no damage.
The eight-headed hydra bites you.
The eight-headed hydra closely misses you.
The eight-headed hydra bites you. The eight-headed hydra bites you!
Unknown command.
You slash Erolcha!
You kill Erolcha!
Trog accepts your kill.
Trog appreciates your killing of a magic user.
You chop one of the eight-headed hydra's heads off!
The seven-headed hydra grows two more!
You slash the nine-headed hydra! The nine-headed hydra bites you.
The nine-headed hydra bites you!
* * * LOW HITPOINT WARNING * * *
The nine-headed hydra closely misses you.
The nine-headed hydra bites you.
* * * LOW HITPOINT WARNING * * *
The nine-headed hydra bites you.
* * * LOW HITPOINT WARNING * * *
The nine-headed hydra barely misses you.
The nine-headed hydra closely misses you.
The nine-headed hydra barely misses you.
The nine-headed hydra completely misses you.
The nine-headed hydra bites you.
* * * LOW HITPOINT WARNING * * *
The nine-headed hydra bites you!
* * * LOW HITPOINT WARNING * * *
The nine-headed hydra bites you.
* * * LOW HITPOINT WARNING * * *
The nine-headed hydra bites you but does no damage.
The nine-headed hydra barely misses you.
The nine-headed hydra bites you!
You die...

.... #......
.......
#...... #####
#...... ##...#
#.!....##....#
#............#
#......D....##
#......@).###
#.....).###
#...((###
...... .....
..... ....
....


You could see a nine-headed hydra.

Vanquished Creatures
  Erolcha (D:9)
  A boulder beetle (D:10)
  A two-headed ogre (D:9)
  A deep elf zephyrmancer (D:10)
  A centaur zombie (D:10)
  A vampire (D:10)
  17 yaks (D:10)
  A steam dragon (D:10)
  2 orc warriors
  A sky beast (D:6)
  An ice beast (D:6)
  A swamp drake (D:10)
  2 ogres
  2 necrophages
  A phantom (D:4)
  2 kobold brigands
  2 bullfrogs
  2 scorpions
  4 howler monkeys (D:7)
  A crimson imp (D:10)
  2 bullfrog zombies
  3 hounds
  A gnoll shaman (D:6)
  5 orc priests
  2 iguanas (D:5)
  7 orc wizards
  Ijyb (D:4)
  A killer bee zombie (D:7)
  2 adders
  8 gnolls
  A howler monkey skeleton (D:7)
  A white imp (D:6)
  An adder skeleton (D:4)
  2 worms
  23 orcs
  A ball python (D:2)
  A giant cockroach (D:2)
  2 hobgoblins
  2 jackals (D:2)
  3 quokkas
  A bat (D:2)
  5 goblins
  11 kobolds
  A rat (D:3)
132 creatures vanquished.

Vanquished Creatures (others)
  An orc warrior (D:10)
  An orc wizard (D:6)
  An orc (D:10)
3 creatures vanquished.

Grand Total: 135 creatures vanquished

Notes
Turn   | Place    | Note
-------+----------+-------------------------------------------
     0 | D:1      | browni3141 the Minotaur Berserker began the quest for the
                  | Orb.
     0 | D:1      | Reached XP level 1. HP: 19/19 MP: 0/0
   288 | D:2      | Reached XP level 2. HP: 25/27 MP: 1/1
   889 | D:4      | Found a staircase to the Ecumenical Temple.
   938 | D:4      | Reached XP level 3. HP: 12/33 MP: 2/2
  1141 | D:4      | Noticed Ijyb
  1151 | D:4      | Killed Ijyb
  1152 | D:4      | Reached XP level 4. HP: 40/41 MP: 3/3
  1415 | D:5      | Entered Level 5 of the Dungeon
  1415 | D:5      | Noticed an ogre
  1418 | D:5      | Killed an ogre
  1419 | D:5      | Reached XP level 5. HP: 47/47 MP: 4/4
  1425 | D:5      | Reached skill level 5 in Fighting
  1425 | D:5      | Reached skill level 5 in Axes
  1449 | D:4      | Noticed a phantom
  1467 | D:4      | Killed a phantom
  1468 | D:4      | Reached XP level 6. HP: 25/56 MP: 5/5
  1845 | D:5      | Reached skill level 5 in Armour
  1845 | D:5      | Reached XP level 7. HP: 35/62 MP: 6/6
  2313 | D:6      | Reached skill level 5 in Dodging
  2687 | D:6      | Found a runed translucent gate.
  2688 | D:6      | Found a runed translucent gate.
  2689 | D:6      | Found a runed translucent gate.
  2689 | D:6      | Noticed porpoise's ghost (novice DjFE)
  2689 | D:6      | Noticed a kobold demonologist
  2879 | D:6      | Reached XP level 8. HP: 71/71 MP: 7/7
  3018 | D:7      | Found a radiant altar of Vehumet.
  3032 | D:6      | HP: 1/106 [orc warrior (15)]
  3730 | D:6      | Reached ** piety under Trog
  4233 | D:7      | Found a hide-covered altar of Uskayaw.
  4326 | D:7      | Found a hazy altar of Hepliaklqana.
  4329 | D:7      | Found a shimmering altar of Xom.
  4330 | D:7      | Noticed a spectral ugly thing
  4384 | D:7      | Found a shimmering blue altar of Sif Muna.
  4573 | D:7      | Identified the +1 scale mail "Dubesuu" {rN+}
  4574 | D:7      | Found a broken altar of Ashenzari.
  4576 | D:7      | Found a bloodstained altar of Trog.
  4658 | D:8      | You fall into a shaft and drop 2 floors!
  4658 | D:10     | Entered Level 10 of the Dungeon
  4705 | D:10     | Reached XP level 9. HP: 22/81 MP: 8/8
  4922 | D:10     | Identified the +2 ring mail of the Spheres {rF- Str+2
                  | Dex+6}
  5065 | D:10     | Noticed a deep elf zephyrmancer
  5077 | D:10     | Killed a deep elf zephyrmancer
  5275 | D:10     | Noticed a boulder beetle
  5286 | D:10     | Killed a boulder beetle
  5287 | D:10     | Reached XP level 10. HP: 91/91 MP: 9/9
  5335 | D:10     | Found a staircase to the Orcish Mines.
  5375 | D:10     | Identified the amulet "Gyanwuf" {RegenMP Will+}
  5392 | D:10     | Reached skill level 10 in Fighting
  5392 | D:10     | Reached skill level 10 in Axes
  5398 | D:10     | Reached skill level 10 in Armour
  6124 | D:9      | Noticed Erolcha
  6127 | D:9      | Noticed a two-headed ogre
  6132 | D:9      | Noticed a six-headed hydra
  6140 | D:9      | Killed a two-headed ogre
  6143 | D:9      | Killed Erolcha
  6143 | D:9      | Slain by a nine-headed hydra

Illustrated notes

Levels and vault maps discovered:
D:1:      eino_arrival_water_cross, layout_basic, serial_shops, shop
D:2:      layout_basic, shapermc_ecumenical_altar_ellora
D:3:      layout_rooms, serial_shops, nicolae_shop_overgrown_old_shop
D:4:      layout_loops_ring, mainiacjoe_overflow_alcove_2,
          minmay_temple_entry_fiery, serial_glass, glass_columns_a,
          glass_columns_a, item_on_display_a, feat_on_display,
          due_unseen_surprise, item_on_display_a, uniq_ijyb
D:5:      layout_layer_cave, nicolae_fountain_basement
D:6:      layout_basic, zin_scriptorium, gammafunk_ghost_nasty_kobolds
D:7:      layout_rooms, regret_index_temple_of_mockery, lemuel_crystal_altar,
          nicolae_overflow_hidden_temple, mainiacjoe_overflow_paths,
          enter_bailey_5
D:8:      layout_basic
D:9:      nzn_winding_woodlands_three_and_one [nzn_winding_woodlands_5x15_pool,
          nzn_winding_woodlands_5x15_river_crossing,
          nzn_winding_woodlands_5x15_jagged,
          nzn_winding_woodlands_center_triple_pond], layout_cross,
          okawaru_altar_gauntlet_db, uniq_erolcha
D:10:     layout_rooms, erik_orc_1, corner_web_ring, hangedman_stone_soup,
          bh_walls_and_bars

Skill      XL: |  1  2  3  4  5  6  7  8  9 10 |
---------------+-------------------------------+-----
Fighting       | 4 5 6 8 9 10 | 10.6
Axes           | 4 5 6 8 9 10 | 10.6
Armour         | 3 4 5 6 7 9 10 | 10.3
Dodging        | 3 4 5 7 8 9 |  9.4

Action                   |  1- 3 |  4- 6 |  7- 9 | 10-12 || total
-------------------------+-------+-------+-------+-------++-------
Melee: Hand axe          |    50 |    52 |    76 |       ||   178
       Headbutt          |    12 |     8 |    28 |    15 ||    63
       Punch             |     1 |     1 |     1 |       ||     3
       War axe           |       |       |   120 |    69 ||   189
Throw: Dart              |       |       |     3 |     3 ||     6
Invok: Berserk           |     2 |     2 |    10 |     2 ||    16
       Trog's Hand       |       |       |     2 |     1 ||     3
Evoke: Wand              |       |       |     7 |       ||     7
 Stab: Sleeping          |     2 |       |       |       ||     2
       Confused          |       |       |       |     1 ||     1
Armor: Animal skin       |     3 |    15 |    14 |       ||    32
       Plate armour      |       |       |   103 |    39 ||   142
Dodge: Dodged            |    28 |    32 |   114 |    39 ||   213
